 Dungeon Crawl Stone Soup version 0.24.0-35-gdb84b6a5db (webtiles) character file.

Game seed: 12981664884881467195, levelgen mode: deterministic

1313 Nattfarinn the Transmogrifier (level 8, -1/54 HPs)
             Began as a Merfolk Transmuter on Nov 18, 2019.
             Slain by an ogre
             ... wielding a +0 giant club
              (27 damage)
             ... on level 5 of the Dungeon.
             The game lasted 00:14:32 (5685 turns).

Nattfarinn the Transmogrifier (Merfolk Transmuter)  Turns: 5685, Time: 00:14:33

Health: -1/54      AC:  2    Str: 12    XL:     8   Next: 58%
Magic:  18/20      EV: 21    Int: 12    God:
Gold:   329        SH:  0    Dex: 20    Spells: 1/11 levels left

rFire    . . .     SeeInvis .     - Unarmed
rCold    + . .     Gourm    .   (shield currently unavailable)
rNeg     . . .     Faith    .   (armour currently unavailable)
rPois    x         Spirit   .   (helmet currently unavailable)
rElec    .         Reflect  .   (cloak currently unavailable)
rCorr    .         Harm     .   (gloves currently unavailable)
MR       .....                  (boots currently unavailable)
Stlth    ++........             (no amulet)
HPRegen  0.18/turn              e - ring of protection from cold
MPRegen  0.17/turn              s - ring of magical power

@: spider-form
A: tiny, (change form in water), (swift swim), (stealthy swim)
a: End Transformation


You were on level 5 of the Dungeon.
You were hungry.
You were a venomous arachnid creature.
You visited 1 branch of the dungeon, and saw 5 of its levels.

You collected 329 gold pieces.

Inventory:

Missiles
 a - 101 arrows
Armour
 b - a +0 robe
 o - a +0 ring mail
 u - a +2 scale mail of fire resistance (melded)
Jewellery
 e - a ring of protection from cold (left front leg)
 k - an uncursed ring of stealth
 s - a ring of magical power (right front leg)
 v - an uncursed ring of protection from cold
Scrolls
 f - 4 scrolls of magic mapping {unknown}
 g - a scroll of blinking {unknown}
 h - 4 scrolls of teleportation {unknown}
 i - 5 scrolls of identify {unknown}
 l - a scroll of enchant weapon {unknown}
 p - a scroll of remove curse {unknown}
 q - a scroll of amnesia {unknown}
 t - a scroll of enchant armour {unknown}
Potions
 c - a potion of brilliance
 j - a potion of agility
 m - a potion of mutation {unknown}
 n - a potion of magic {unknown}
 r - 2 potions of curing
Comestibles
 d - 9 rations
 w - 6 chunks of flesh


   Skills:
 - Level 1.1 Fighting
 - Level 2.6 Dodging
 * Level 7.3 Unarmed Combat
 - Level 2.0 Spellcasting
 + Level 8.6 Transmutations
 + Level 4.3 Ice Magic
 - Level 3.4 Poison Magic


You had one spell level left.
You knew the following spells:

 Your Spells              Type           Power        Failure   Level  Hunger
a - Beastly Appendage     Tmut           ###...       4%          1    ##.....
b - Spider Form           Tmut/Pois      ###.......   19%         3    ####...
c - Ice Form              Ice/Tmut       ###.....     38%         4    #####..
d - Sticks to Snakes      Tmut           ###.....     6%          2    ###....

Your spell library contained the following spells:

 Spells                   Type           Power        Failure   Level  Hunger
 Blade Hands              Tmut           ###.......   43%         5    ######.


Dungeon Overview and Level Annotations

Branches:
Dungeon (5/15)
 Temple: D:4-7

Altars:
Xom


Message History

You see here 2 arrows.
You bite the phantom!
You destroy the phantom!
Your transformation has ended.
Your +2 scale mail of fire resistance unmelds from your body.
You feel resistant to fire.
You see here 19 stones.
Casting: Spider Form (slightly dangerous; 36% risk of failure)
Confirm with . or Enter, or press ? or * to list all spells.
You turn into a venomous arachnid creature.
Your +2 scale mail of fire resistance melds into your body.
You feel less resistant to fire.
You completely miss the ogre. The ogre hits you with a +0 giant club!
You hit the ogre.
The ogre is poisoned.
The ogre is lightly wounded.
You bite the ogre!
The ogre is heavily wounded.
The ogre hits you with a +0 giant club!!
Ouch! That really hurt!
You die...

###.#######.....######
<.....................
.##.#######.....#######
.##.#..................
.##.#.#####.....#######
....#.#...).....#
##..#.#.###.##..##
....#.#.###.##.(.#
.#.##.#......#.#s#
.#..#.##.......#O#
.##.#.#....#####.#
....#.#..#.# #.#
......#..#.# #.#
.#########.# #(#
...........#........#
############.####...≈.≈.
...≈≈≈.


You could see an ogre.

Vanquished Creatures
  3 yaks (D:4)
  Menkaure (D:5)
  A phantom (D:5)
  2 ogres
  A scorpion (D:4)
  A crimson imp (D:4)
  An orc priest (D:4)
  3 orc wizards (D:4)
  2 worker ants (D:4)
  Robin (D:2)
  7 adders
  7 gnolls
  2 oozes
  3 worms (D:2)
  3 leopard geckos
  7 orcs (D:4)
  3 ball pythons
  3 giant cockroaches
  16 goblins
  11 hobgoblins
  16 jackals
  5 bats (D:3)
  4 frilled lizards
  7 kobolds
  7 rats
117 creatures vanquished.

Vanquished Creatures (others)
  A kobold (D:1)
1 creature vanquished.

Grand Total: 118 creatures vanquished

Notes
Turn   | Place    | Note
-------+----------+-------------------------------------------
     0 | D:1      | Nattfarinn the Merfolk Transmuter began the quest for the
                  | Orb.
     0 | D:1      | Reached XP level 1. HP: 15/15 MP: 3/3
    50 | D:1      | Reached skill level 3 in Transmutations
    75 | D:1      | Reached XP level 2. HP: 9/21 MP: 3/5
   195 | D:1      | Reached skill level 4 in Transmutations
   590 | D:1      | Reached XP level 3. HP: 23/26 MP: 4/6
   626 | D:1      | Learned a level 3 spell: Spider Form
  1282 | D:2      | Noticed Robin
  1285 | D:2      | Reached skill level 5 in Transmutations
  1312 | D:2      | Reached skill level 1 in Poison Magic
  1320 | D:2      | Killed Robin
  1320 | D:2      | Reached XP level 4. HP: 12/32 MP: 4/7
  2169 | D:2      | Reached XP level 5. HP: 37/37 MP: 3/8
  2297 | D:2      | Reached skill level 6 in Transmutations
  3287 | D:3      | Found a shimmering altar of Xom.
  3335 | D:3      | Learned a level 4 spell: Ice Form
  3344 | D:3      | Reached XP level 6. HP: 35/43 MP: 5/9
  3903 | D:4      | Reached skill level 1 in Ice Magic
  3907 | D:4      | Reached skill level 7 in Transmutations
  4445 | D:4      | Noticed a yak
  4464 | D:4      | Noticed a yak
  4464 | D:4      | Noticed a yak
  4495 | D:4      | Killed a yak
  4495 | D:4      | Reached XP level 7. HP: 37/48 MP: 10/10
  4506 | D:4      | Killed a yak
  4506 | D:4      | Reached skill level 5 in Unarmed Combat
  4752 | D:4      | Killed a yak
  4873 | D:4      | Reached XP level 8. HP: 49/54 MP: 11/11
  4896 | D:4      | Reached skill level 8 in Transmutations
  5166 | D:4      | Learned a level 2 spell: Sticks to Snakes
  5166 | D:4      | Identified the +4 dagger of the Tired Wonders {pain, +Inv
                  | rN++ Str+2}
  5427 | D:5      | Entered Level 5 of the Dungeon
  5444 | D:5      | Noticed Menkaure
  5458 | D:5      | Killed Menkaure
  5685 | D:5      | Slain by an ogre

Levels and vault maps discovered:
D:1:      lightli_arrival_farm, layout_loops_ring, skrybe_limestone_x,
          nrook_mini_backslash, minmay_lizard_pond
D:2:      layout_loops_ring, first_ration, roderic_lattice_a, minmay_tromino_i2,
          uniq_robin
D:3:      layout_basic, xom_teletrap_fun
D:4:      layout_basic, chequers_jeans
D:5:      layout_basic, kb_lookout_dungeons_type, uniq_menkaure

Skill      XL: |  1  2  3  4  5  6  7  8 |
---------------+-------------------------+-----
Transmutations | 3 4 5 6 7 8 |  8.6
Poison Magic   | 1 2 3 |  3.4
Unarmed Combat | 4 6 7 |  7.3
Ice Magic      | 2 3 4 |  4.3
Fighting       | |  1.1
Dodging        | |  2.6
Spellcasting   | |  2.0

Action                   |  1- 3 |  4- 6 |  7- 9 || total
-------------------------+-------+-------+-------++-------
Melee: Unarmed           |   121 |   185 |    68 ||   374
       Headbutt          |     6 |       |       ||     6
 Cast: Beastly Appendage |     9 |     1 |       ||    10
       Spider Form       |     6 |    29 |    10 ||    45
       Sticks to Snakes  |       |       |     5 ||     5
  Use: Potion            |     3 |     3 |       ||     6
 Stab: Sleeping          |     1 |     1 |       ||     2
  Eat: Chunk             |     2 |    15 |     5 ||    22
Armor: Robe              |    18 |       |       ||    18
       Skin              |    20 |    12 |       ||    32
       Ring mail         |       |     6 |       ||     6
       Scale mail        |       |       |     2 ||     2
Dodge: Dodged            |    62 |   262 |    39 ||   363
